 Dungeon Crawl Stone Soup version 0.30.0-29-ga12c61a403 (webtiles) character file.

Game seed: 4606565971472775715

1380 LustLizard the Conjurer (level 8, -5/54 HPs)
             Began as an Octopode Conjurer on June 23, 2023.
             Slain by an ice beast (14 damage)
             ... on level 6 of the Dungeon.
             The game lasted 00:09:22 (6069 turns).

LustLizard the Conjurer (Octopode Conjurer)         Turns: 6069, Time: 00:09:23

Health: -5/54      AC:  1    Str: 15    XL:     8   Next: 66%
Magic:  5/14       EV: 13    Int: 20    God:
Gold:   223        SH:  0    Dex: 10    Spells: 11/15 levels left

rFire   . .          .
                       - Unarmed
rCold   . . .        (no shield)
rNeg    . . .        (helmet currently unavailable)
rPois   .            b - amulet of the acrobat
rElec   .            k - +6 ring of strength
rCorr   .            (no ring)
SInv    .            (no ring)
Will    .....        (no ring)
Stlth   +++          (no ring)
HPRegen 0.29/turn    (no ring)
MPRegen 0.14/turn    (no ring)
                     (no ring)

%: acrobat
@: appendages
A: tentacle spike 3, almost no armour, amphibious, 8 rings, camouflage 1,
gelatinous body 1, (nimble swimmer 1), tentacles
a: End Transformation


You were on level 6 of the Dungeon.
One of your tentacles had grown a beastly spike.
You visited 1 branch of the dungeon, and saw 6 of its levels.

You collected 223 gold pieces.

Inventory:

Jewellery
 b - an amulet of the acrobat (around mantle)
 c - an amulet of reflection
 k - a +6 ring of strength (left tentacle)
Wands
 r - a wand of light (5)
Scrolls
 e - 2 scrolls of immolation {unknown}
 f - 2 scrolls of fear
 g - 2 scrolls of blinking {unknown}
 i - 4 scrolls of teleportation
 l - 2 scrolls of poison {unknown}
 n - 2 scrolls of vulnerability {unknown}
 q - a scroll of noise {unknown}
 t - a scroll of enchant armour {unknown}
 u - a scroll of enchant weapon {unknown}
 y - a scroll of silence
 z - a scroll of magic mapping
Potions
 a - a potion of magic
 d - 4 potions of curing
 j - 2 potions of berserk rage
 m - 2 potions of haste
 o - 2 potions of mutation
 p - a potion of might
 s - 2 potions of cancellation
 v - a potion of lignification
 w - a potion of flight
 x - a potion of resistance


   Skills:
 + Level 3.8 Fighting
 - Level 2.0 Dodging
 - Level 4.1 Stealth
 + Level 3.9 Unarmed Combat
 + Level 4.1 Spellcasting
 * Level 7.2 Conjurations
 + Level 3.5 Transmutations


You had 11 spell levels left.
You knew the following spells:

 Your Spells              Type           Power      Damage    Failure   Level
a - Magic Dart            Conj           100%       1d8       1%          1
b - Beastly Appendage     Tmut           36%        N/A       3%          1
c - Wereblood             Tmut           18%        N/A       4%          2

Your spell library contained the following spells:

 Spells                   Type           Power      Damage    Failure   Level
 Searing Ray              Conj           66%        2d6       1%          2
 Shock                    Conj/Air       72%        1d7       2%          1
 Dazzling Flash           Conj/Hex       36%        N/A       9%          3
 Apportation              Tloc           8%         N/A       13%         1
 Necrotise                Necr           16%        1d4       13%         1
 Summon Small Mammal      Summ           16%        N/A       13%         1
 Spider Form              Tmut/Pois      11%        N/A       19%         3
 Fulminant Prism          Conj/Hex       9%         3d7       28%         4
 Iskenderun's Mystic Bla  Conj/Tloc      18%        2d6       28%         4
 Swiftness                Air            4%         N/A       36%         3
 Airstrike                Air            2%         2d(1-17)  77%         4


Dungeon Overview and Level Annotations

Branches:
Dungeon (6/15)
 Temple: D:4-7

Altars:
Kikubaaqudgha
Okawaru
Zin

Annotations:
D:5 2 transporters, bairyn's ghost, novice AtFi


Innate Abilities, Weirdness & Mutations

One of your tentacles has grown a beastly spike.
You cannot wear most types of armour.
You are amphibious.
You can wear up to eight rings at the same time.
Your skin changes colour to match your surroundings (Stealth+).
Your rubbery body absorbs attacks. (AC +1, EV +1)
((You are camouflaged when in or above water. (Stealth+)))
You have tentacles for arms and can constrict up to eight enemies at once.


Message History

Aiming: Magic Dart (safe; 1% risk of failure)
Press: ? - help, Q - select action, (/) - cycle Shift-Dir - straight line, f/p - ice beast
Aim: an ice beast (heavily wounded, 100% to hit)
The magic dart hits the ice beast.
The ice beast is severely wounded.
The ice beast hits you but does no damage.
Casting: Magic Dart (safe; 1% risk of failure)
Confirm with . or Enter, or press ? or * to list all spells.
You extend your transformation's duration.
The ice beast hits you. The ice beast freezes you!
Aiming: Magic Dart (safe; 1% risk of failure)
Press: ? - help, Q - select action, (/) - cycle Shift-Dir - straight line, f/p - ice beast
Aim: an ice beast (severely wounded, 100% to hit)
The magic dart hits the ice beast.
The ice beast is severely wounded.
The ice beast hits you.
* * * LOW HITPOINT WARNING * * *
The ice beast freezes you.
* * * LOW HITPOINT WARNING * * *
Aiming: Magic Dart (safe; 1% risk of failure)
Press: ? - help, Q - select action, (/) - cycle Shift-Dir - straight line, f/p - ice beast
Aim: an ice beast (severely wounded, 100% to hit)
The magic dart hits the ice beast.
The ice beast is almost dead.
The ice beast misses you.
Aiming: Magic Dart (safe; 1% risk of failure)
Press: ? - help, Q - select action, (/) - cycle Shift-Dir - straight line, f/p - ice beast
Aim: an ice beast (almost dead, 100% to hit)
The magic dart hits the ice beast.
The ice beast is almost dead.
The ice beast closely misses you.
Aiming: Magic Dart (safe; 1% risk of failure)
Press: ? - help, Q - select action, (/) - cycle Shift-Dir - straight line, f/p - ice beast
Aim: an ice beast (almost dead, 100% to hit)
The magic dart hits the ice beast but does no damage.
The ice beast is almost dead.
The ice beast hits you.
* * * LOW HITPOINT WARNING * * *
The ice beast freezes you!
You die...

........##........###
........'.............
........##.#.........#
.......###.##..##.##.#
#.....## #.###....# #
##...## #.###.#..#
##'## #........# # #.#
#####.#.###.... #.#
#..@....# ##.##
###Y##### ##...## #.#
#.....# #.# ##...##
#.# ###.####### #.#
..†........ ..#
###.####### ### #.#


You could see an ice beast.

Vanquished Creatures
  Grinder (D:5)
  A water moccasin (D:5)
  Duvessa (D:5)
  An ogre (D:5)
  A centaur (D:5)
  A phantom (D:5)
  Blork the orc (D:5)
  A gnoll sergeant (D:4)
  2 scorpions
  Dowan (D:5)
  A howler monkey (D:5)
  3 hounds
  A jelly (D:4)
  2 iguanas (D:5)
  A sleepcap (D:6)
  2 gnolls (D:4)
  8 adders
  A white imp (D:6)
  2 worms
  11 orcs
  8 bats
  7 endoplasms
  4 giant cockroaches
  8 goblins
  4 hobgoblins
  5 jackals
  6 quokkas
  6 ball pythons
  2 frilled lizards
  6 kobolds
  6 rats
105 creatures vanquished.

Notes
Turn   | Place    | Note
-------+----------+-------------------------------------------
     0 | D:1      | LustLizard the Octopode Conjurer began the quest for the
                  | Orb.
     0 | D:1      | Reached XP level 1. HP: 11/11 MP: 3/3
   105 | D:1      | Reached XP level 2. HP: 18/18 MP: 1/5
   509 | D:1      | Reached XP level 3. HP: 22/22 MP: 1/6
  1163 | D:2      | Reached skill level 1 in Fighting
  1760 | D:3      | Reached XP level 4. HP: 28/28 MP: 4/7
  1771 | D:3      | Learned a level 1 spell: Beastly Appendage
  1774 | D:3      | Learned a level 2 spell: Wereblood
  1831 | D:3      | Found a glowing silver altar of Zin.
  1848 | D:3      | Reached skill level 1 in Unarmed Combat
  2297 | D:3      | Identified the +8 trident "Giantslayer" {heavy, *Noise Fly
                  | rC+ Stlth+}
  2373 | D:3      | You fall into a shaft and drop 3 floors!
  2382 | D:5      | Entered Level 5 of the Dungeon
  2382 | D:5      | Noticed a centaur
  2491 | D:5      | Noticed Duvessa
  2501 | D:5      | Noticed a water moccasin
  2512 | D:5      | Killed a water moccasin
  2513 | D:5      | Reached skill level 5 in Conjurations
  2513 | D:5      | Reached skill level 1 in Transmutations
  2513 | D:5      | Reached XP level 5. HP: 13/34 MP: 1/9
  2620 | D:4      | Reached XP level 6. HP: 39/39 MP: 5/10
  3226 | D:4      | Noticed a black bear
  3821 | D:4      | Reached XP level 7. HP: 45/45 MP: 9/11
  3971 | D:4      | Found an iron altar of Okawaru.
  4123 | D:5      | Found a transporter.
  4123 | D:5      | Noticed bairyn's ghost (novice AtFi)
  4231 | D:5      | Reached skill level 6 in Conjurations
  4373 | D:5      | Noticed Grinder
  4391 | D:5      | Killed Grinder
  4392 | D:5      | Reached XP level 8. HP: 22/52 MP: 7/13
  4647 | D:5      | Found an ancient bone altar of Kikubaaqudgha.
  4837 | D:5      | Found a transporter.
  5096 | D:5      | Killed Duvessa
  5150 | D:5      | Noticed Dowan
  5165 | D:5      | Killed Dowan
  5316 | D:5      | Noticed Blork the orc
  5325 | D:5      | Killed Blork the orc
  5326 | D:5      | Reached skill level 7 in Conjurations
  6069 | D:6      | Slain by an ice beast

Illustrated notes

Levels and vault maps discovered:
D:1:      dpeg_arrival_rooms_c, layout_rooms
D:2:      minmay_general_purpose_star, layout_basic
D:3:      layout_basic, mainiacjoe_overflow_small_starburst
D:4:      layout_rooms, kennysheep_okawaru_gauntlet
D:5:      layout_loops_corners, kiku_gazebo_pond_becter,
          gammafunk_ghost_stat_death, uniq_blork_the_orc, uniq_duvessa,
          uniq_grinder
D:6:      layout_loops_corners, nicolae_uskayaw_dance_studio,
          mainiacjoe_overflow_divided_tiny, minmay_temple_entry_hall,
          gammafunk_ghost_grave, minmay_unpleasant_kobolds

Skill      XL: |  1  2  3  4  5  6  7  8 |
---------------+-------------------------+-----
Stealth        | 3 4 |  4.1
Fighting       | 1 2 3 |  3.8
Unarmed Combat | 1 2 3 |  3.9
Conjurations   | 5 6 7 |  7.2
Transmutations | 1 2 3 |  3.5
Spellcasting   | 3 4 |  4.1
Dodging        | |  2.0

Action                     |  1- 3 |  4- 6 |  7- 9 || total
---------------------------+-------+-------+-------++-------
  Melee: Unarmed           |    19 |    28 |    58 ||   105
         Constrict         |     4 |    11 |     9 ||    24
         Tentacles         |     3 |     8 |    14 ||    25
         Kick              |       |     4 |    20 ||    24
   Cast: Magic Dart        |    63 |   116 |    96 ||   275
         Beastly Appendage |       |     2 |    14 ||    16
         Wereblood         |       |     1 |     1 ||     2
    Use: Scroll            |     3 |     1 |    10 ||    14
         Potion            |       |       |     1 ||     1
 Armour: Skin              |     1 |     1 |     2 ||     4
  Dodge: Dodged            |    14 |    25 |    51 ||    90
